 Dungeon Crawl Stone Soup version 0.22-a0-443-g17c3723931 (webtiles) character file.

42 Ordine the Shield-Bearer (level 3, -1/29 HPs)
             Began as a Formicid Fighter on May 31, 2018.
             Slain by a gnoll
             ... wielding a +0 halberd
              (2 damage)
             ... on level 2 of the Dungeon.
             The game lasted 00:01:42 (743 turns).

Ordine the Shield-Bearer (Formicid Fighter)          Turns: 743, Time: 00:01:44

Health: -1/29      AC:  6    Str: 20    XL:     3   Next: 80%
Magic:  3/3        EV: 14    Int:  7    God:
Gold:   53         SH:  9    Dex: 11    Spells: 2/2 levels left

rFire    . . .     SeeInvis +   a - +0 long sword
rCold    . . .     Gourm    .   c - +0 shield
rNeg     . . .     Faith    .   b - +0 scale mail
rPois    .         Spirit   .   (helmet unavailable)
rElec    .         Reflect  .   (no cloak)
rCorr    .         Harm     .   (no gloves)
MR       .....                  (no boots)
Stlth    ..........             (no amulet)
HPRegen  0.09/turn              h - +6 ring of evasion
MPRegen  0.08/turn              (no ring)

@: no status effects
A: permanent stasis, dig shafts and tunnels, four strong arms, antennae 3
a: Dig, Shaft Self


You were on level 2 of the Dungeon.
You were not hungry.

You visited 1 branch of the dungeon, and saw 2 of its levels.

You collected 53 gold pieces.

Inventory:

Hand Weapons
 a - a +0 long sword (weapon)
 e - a cursed -3 dagger
Armour
 b - a +0 scale mail (worn)
 c - a +0 shield (worn)
Jewellery
 h - a +6 ring of evasion (left hand)
Potions
 d - 2 potions of might
Comestibles
 f - 4 rations
 i - 7 chunks of flesh


   Skills:
 - Level 3.2 Fighting
 * Level 3.3 Long Blades
 - Level 3.2 Armour
 + Level 4.2 Shields


You had 2 spell levels left.
You didn't know any spells.
Your spell library was empty.

Dungeon Overview and Level Annotations

Branches:
Dungeon (2/15)

Altars:
Ashenzari


Innate Abilities, Weirdness & Mutations

You cannot be hasted, slowed, berserked, paralysed or teleported.
You can dig through walls and to a lower floor.
Your four strong arms can wield two-handed weapons with a shield.
You have a pair of large antennae on your head. (SInv)


Message History

The gnoll hits you with a flail! You block the gnoll's attack.
You hit the gnoll.
You kill the gnoll!
You block the hobgoblin's attack. The gnoll misses you.
You hit the hobgoblin.
You kill the hobgoblin!
The gnoll misses you.
Things that are here:
a club; a flail You hit the gnoll.
The gnoll is heavily wounded.
The gnoll misses you.
You riposte.
You closely miss the gnoll.
The gnoll is heavily wounded.
Your scale mail prevents you from hitting the gnoll.
The gnoll is heavily wounded.
The gnoll hits you with a halberd!
Ouch! That really hurt!
* * * LOW HITPOINT WARNING * * *
The gnoll hits you with a halberd.
You die...

###### #....# #.##.#
###########.##.#
##.....@gg......#
######...########.#..###
..........# #........#
##......## #.#.#..#g#
#.#.⌠.## #.#....# #
#......## #.###.##
#.⌠...⌠.# #. ..#
#.......## #. .#
#...>....# #. .#


You could see 2 gnolls.

Vanquished Creatures
  A gnoll (D:2)
  An ooze (D:1)
  2 dart slugs
  A bat (D:1)
  A giant cockroach (D:2)
  2 goblins (D:1)
  5 hobgoblins
  3 jackals (D:1)
  4 kobolds (D:1)
  2 frilled lizards (D:1)
  A rat (D:1)
23 creatures vanquished.

Notes
Turn   | Place    | Note
-------+----------+-------------------------------------------
     0 | D:1      | Ordine the Formicid Fighter began the quest for the Orb.
     0 | D:1      | Reached XP level 1. HP: 18/18 MP: 1/1
    83 | D:1      | Reached XP level 2. HP: 24/24 MP: 2/2
   179 | D:1      | Found a shattered altar of Ashenzari.
   229 | D:1      | Reached skill level 4 in Shields
   238 | D:1      | Reached XP level 3. HP: 29/29 MP: 3/3
   743 | D:2      | HP: 1/29 [gnoll/halberd (17)]
   743 | D:2      | Slain by a gnoll

Vault maps used:
D:1:      scummos_arrival_simple_crosswalls, nicolae_ashenzari_panopticon
D:2:      first_ration, grunt_ministairs_2

Skill      XL: |  1  2  3 |
---------------+----------+-----
Shields        | 4 |  4.2
Long Blades    | 3 |  3.3
Fighting       | |  3.2
Armour         | |  3.2

Action                   || total
-------------------------++-------
Melee: Long sword        ||    68
  Use: Scroll            ||     1
Armor: Scale mail        ||    20
Dodge: Dodged            ||    17
Block: Shield            ||    36
       Rpst.: Long sword ||     5

Table legend:
 A = Spawn XP
 B = Non-spawn XP
 C = Spawn XP percentage of total XP
 D = Spawn monster count
 E = Non-spawn monster count
 F = Spawn count percentage of total count
 G = Total turns spent on level
                    A         B        C        D         E        F      G
               +---------+---------+-------+---------+---------+-------+---------
         Total |       0 |      61 |   0.0 |       0 |      23 |   0.0 |   743
               +---------+---------+-------+---------+---------+-------+---------
           D:1 |       0 |      39 |   0.0 |       0 |      19 |   0.0 |   688
           D:2 |       0 |      22 |   0.0 |       0 |       4 |   0.0 |    55
               +---------+---------+-------+---------+---------+-------+---------
